EVO
UNIVERSITY OF SOUTH CAROLINA GAMECOCKS @ UNIVERSITY OF NORTH CAROLINA AT CHAPEL HILL TAR HEELS
07/31/2044
 
TOP OF THE 1ST
University of South Carolina Gamecocks batting - Pitching for University of North Carolina at Chapel Hill Tar Heels : LHP Bahrom Mohammad
Pitching: LHP Bahrom Mohammad
Batting: RHB Kevin Popowicz 0-0: Swinging Strike
0-1: Called Strike
0-2: Strikes out swinging
Batting: RHB Jake Geib 0-0: Called Strike
0-1: Called Strike
0-2: Ball
1-2: Ball
2-2: Foul Ball, location: 2F
2-2: Foul Ball, location: 2F
2-2: Strikes out swinging
Batting: RHB Kevin Harris 0-0: Called Strike
0-1: Swinging Strike
0-2: Foul Ball, location: 2F
0-2: Ball
1-2: Foul Ball, location: 2F
1-2: Ball
2-2: Foul Ball, location: 2F
2-2: Foul Ball, location: 2F
2-2: Fly out, F8 (Flyball, 8LXD, EV 81.3 MPH)
Top of the 1st over - 0 runs, 0 hits, 0 errors, 0 left on base; University of South Carolina 0 - University of North Carolina at Chapel Hill 0
BOTTOM OF THE 1ST
University of North Carolina at Chapel Hill Tar Heels batting - Pitching for University of South Carolina Gamecocks : RHP Matt Moore
Pitching: RHP Matt Moore
Batting: LHB Dave Bertheau 0-0: Called Strike
0-1: Called Strike
0-2: Ball
1-2: Ball
2-2: Fly out, F9 (Flyball, 89D, EV 101.3 MPH)
Batting: RHB Aaron Stout 0-0: Foul Ball, location: 2F
0-1: DOUBLE (Groundball, 5L, EV 107.5 MPH)
Batting: LHB Jason Raker 0-0: Fly out, F5 (Line Drive, 5, EV 68.8 MPH)
Batting: RHB Kazushige Hasegawa 0-0: Foul Ball, location: 2F
0-1: Foul Ball, location: 2F
0-2: Ground out 6-3 (Groundball, 6, EV 86.9 MPH)
Bottom of the 1st over - 0 runs, 1 hit, 0 errors, 1 left on base; University of South Carolina 0 - University of North Carolina at Chapel Hill 0
TOP OF THE 2ND
University of South Carolina Gamecocks batting - Pitching for University of North Carolina at Chapel Hill Tar Heels : LHP Bahrom Mohammad
Batting: LHB Adam Hill 0-0: Ball
1-0: Ball
2-0: Ball
3-0: Called Strike
3-1: Foul Ball, location: 2F
3-2: Base on Balls
Batting: RHB Tylor Cyr 0-0: Ball
1-0: Fly out, F7 (Flyball, 7LM, EV 90.0 MPH)
Batting: RHB Mike McElroy 0-0: Called Strike
0-1: Foul Ball, location: 2F
0-2: Foul Ball, location: 2F
0-2: Ball
1-2: Ball
2-2: Ball
3-2: Base on Balls
Adam Hill to second
Batting: SHB Isaiah Scates 0-0: Ball
1-0: Swinging Strike
1-1: Ball
2-1: Foul Ball, location: 2F
2-2: Ball
3-2: Foul Ball, location: 2F
3-2: Foul Ball, location: 2F
3-2: Foul Ball, location: 2F
3-2: Fly out, F9 (Flyball, 9, EV 95.6 MPH)
Batting: RHB Dave Perron 0-0: Ball
1-0: Ball
2-0: Called Strike
2-1: Swinging Strike
2-2: Ball
3-2: Foul Ball, location: 2F
3-2: Foul Ball, location: 2F
3-2: Strikes out swinging
Top of the 2nd over - 0 runs, 0 hits, 0 errors, 2 left on base; University of South Carolina 0 - University of North Carolina at Chapel Hill 0
BOTTOM OF THE 2ND
University of North Carolina at Chapel Hill Tar Heels batting - Pitching for University of South Carolina Gamecocks : RHP Matt Moore
Batting: RHB Chris Skaff 0-0: Called Strike
0-1: Ball
1-1: Ball
2-1: Ball
3-1: Fly out, F9 (Flyball, 89S, EV 77.5 MPH)
Batting: RHB Jonathan Livingston 0-0: Fly out, F7 (Line Drive, 7, EV 111.9 MPH)
Batting: RHB Travis Robinson 0-0: Called Strike
0-1: Swinging Strike
0-2: Strikes out swinging
Bottom of the 2nd over - 0 runs, 0 hits, 0 errors, 0 left on base; University of South Carolina 0 - University of North Carolina at Chapel Hill 0
TOP OF THE 3RD
University of South Carolina Gamecocks batting - Pitching for University of North Carolina at Chapel Hill Tar Heels : LHP Bahrom Mohammad
Batting: SHB Willie Medina 0-0: Ball
1-0: Ground out U3 (Groundball, 34, EV 96.9 MPH)
Batting: RHB Kevin Popowicz 0-0: Called Strike
0-1: Hit by Pitch
Batting: RHB Jake Geib 0-0: Ball
1-0: Called Strike
1-1: Foul Ball, location: 2F
1-2: Fly out, F5 (Popup, 5S, EV 67.5 MPH)
Batting: RHB Kevin Harris 0-0: Ground out 1-3 (Groundball, 13S, EV 66.9 MPH)
Top of the 3rd over - 0 runs, 0 hits, 0 errors, 1 left on base; University of South Carolina 0 - University of North Carolina at Chapel Hill 0
BOTTOM OF THE 3RD
University of North Carolina at Chapel Hill Tar Heels batting - Pitching for University of South Carolina Gamecocks : RHP Matt Moore
Batting: RHB Akira Kubo 0-0: Called Strike
0-1: Fly out, F7 (Flyball, 78M, EV 80.6 MPH)
Batting: RHB Norm Wood 0-0: Ball
1-0: Bunt for hit to 15 - play at first, batter OUT! 1-3
Batting: LHB Dave Bertheau 0-0: Called Strike
0-1: Called Strike
0-2: Ball
1-2: Strikes out swinging
Bottom of the 3rd over - 0 runs, 0 hits, 0 errors, 0 left on base; University of South Carolina 0 - University of North Carolina at Chapel Hill 0
TOP OF THE 4TH
University of South Carolina Gamecocks batting - Pitching for University of North Carolina at Chapel Hill Tar Heels : LHP Bahrom Mohammad
Batting: LHB Adam Hill 0-0: Fly out, F7 (Flyball, 7S, EV 91.3 MPH)
Batting: RHB Tylor Cyr 0-0: Called Strike
0-1: Foul Ball, location: 2F
0-2: Ball
1-2: Fly out, F7 (Line Drive, 7, EV 93.8 MPH)
Batting: RHB Mike McElroy 0-0: Ground out 6-3 (Groundball, P, EV 88.1 MPH)
Top of the 4th over - 0 runs, 0 hits, 0 errors, 0 left on base; University of South Carolina 0 - University of North Carolina at Chapel Hill 0
BOTTOM OF THE 4TH
University of North Carolina at Chapel Hill Tar Heels batting - Pitching for University of South Carolina Gamecocks : RHP Matt Moore
Batting: RHB Aaron Stout 0-0: Ball
1-0: Ball
2-0: Called Strike
2-1: Called Strike
2-2: Ball
3-2: Strikes out swinging
Batting: LHB Jason Raker 0-0: Called Strike
0-1: Hit by Pitch
Batting: RHB Kazushige Hasegawa 0-0: Ball
1-0: Called Strike
1-1: Ball
2-1: Called Strike
2-2: Strikes out swinging
Batting: RHB Chris Skaff 0-0: Fly out, F7 (Flyball, 7, EV 95.6 MPH)
Bottom of the 4th over - 0 runs, 0 hits, 0 errors, 1 left on base; University of South Carolina 0 - University of North Carolina at Chapel Hill 0
TOP OF THE 5TH
University of South Carolina Gamecocks batting - Pitching for University of North Carolina at Chapel Hill Tar Heels : LHP Bahrom Mohammad
Pitching: RHP Tom Howes
Batting: SHB Isaiah Scates 0-0: Ball
1-0: Ball
2-0: Ball
3-0: Called Strike
3-1: Foul Ball, location: 2F
3-2: Strikes out swinging
Batting: RHB Dave Perron 0-0: Called Strike
0-1: Ball
1-1: Foul Ball, location: 2F
1-2: Strikes out swinging
Batting: SHB Willie Medina 0-0: SINGLE (Groundball, P, EV 82.5 MPH) (infield hit)
Batting: RHB Kevin Popowicz Pickoff Throw to First - Error! E1
Willie Medina to second
0-0: Ball
1-0: Foul Ball, location: 2F
1-1: Ground out 5-3 (Groundball, 56, EV 100.0 MPH)
Top of the 5th over - 0 runs, 1 hit, 1 error, 1 left on base; University of South Carolina 0 - University of North Carolina at Chapel Hill 0
BOTTOM OF THE 5TH
University of North Carolina at Chapel Hill Tar Heels batting - Pitching for University of South Carolina Gamecocks : RHP Matt Moore
Pitching: RHP Brad Carte
Batting: RHB Jonathan Livingston 0-0: Called Strike
0-1: Ball
1-1: Called Strike
1-2: Ball
2-2: Strikes out swinging
Batting: RHB Travis Robinson 0-0: Ball
1-0: Foul Ball, location: 2F
1-1: Ball
2-1: Ball
3-1: Ground out 5-3 (Groundball, 56S, EV 76.9 MPH)
Batting: RHB Akira Kubo 0-0: Ball
1-0: Foul Ball, location: 2F
1-1: SINGLE (Flyball, 7LS, EV 95.6 MPH)
Batting: RHB Norm Wood 0-0: Swinging Strike
0-1: Foul Ball, location: 2F
0-2: Foul Ball, location: 2F
0-2: Foul Ball, location: 2F
0-2: Ball
1-2: Strikes out swinging
Bottom of the 5th over - 0 runs, 1 hit, 0 errors, 1 left on base; University of South Carolina 0 - University of North Carolina at Chapel Hill 0
TOP OF THE 6TH
University of South Carolina Gamecocks batting - Pitching for University of North Carolina at Chapel Hill Tar Heels : RHP Tom Howes
Batting: RHB Jake Geib 0-0: Foul Ball, location: 2F
0-1: Ball
1-1: Foul Ball, location: 2F
1-2: Strikes out looking
Batting: RHB Kevin Harris 0-0: Foul Ball, location: 2F
0-1: Ball
1-1: Called Strike
1-2: Hit by Pitch
Batting: LHB Adam Hill 0-0: Called Strike
0-1: Called Strike
0-2: Ball
1-2: SINGLE (Groundball, 56D, EV 103.1 MPH)
Kevin Harris to second
Batting: RHB Tylor Cyr 0-0: Fly out, F8 (Flyball, 8RD, EV 86.3 MPH)
Batting: RHB Mike McElroy 0-0: Ball
1-0: Swinging Strike
1-1: Fly out, F8 (Flyball, 8LM, EV 82.5 MPH)
Top of the 6th over - 0 runs, 1 hit, 0 errors, 2 left on base; University of South Carolina 0 - University of North Carolina at Chapel Hill 0
BOTTOM OF THE 6TH
University of North Carolina at Chapel Hill Tar Heels batting - Pitching for University of South Carolina Gamecocks : RHP Brad Carte
Batting: LHB Dave Bertheau 0-0: Called Strike
0-1: Ball
1-1: Called Strike
1-2: Ball
2-2: Ball
3-2: Strikes out looking
Batting: RHB Aaron Stout 0-0: Bunt missed!
0-1: SOLO HOME RUN (Line Drive, 89XD, EV 105.0 MPH), Distance : 432 ft
Batting: LHB Jason Raker 0-0: Called Strike
0-1: Swinging Strike
0-2: Fly out, F8 (Line Drive, 8RM, EV 93.1 MPH)
Batting: RHB Kazushige Hasegawa 0-0: Ball
1-0: Fly out, F8 (Line Drive, 8LD, EV 91.9 MPH)
Bottom of the 6th over - 1 run, 1 hit, 0 errors, 0 left on base; University of South Carolina 0 - University of North Carolina at Chapel Hill 1
TOP OF THE 7TH
University of South Carolina Gamecocks batting - Pitching for University of North Carolina at Chapel Hill Tar Heels : RHP Tom Howes
Batting: SHB Isaiah Scates 0-0: Called Strike
0-1: Swinging Strike
0-2: Ball
1-2: Foul Ball, location: 2F
1-2: Foul Ball, location: 2F
1-2: Ball
2-2: Foul Ball, location: 2F
2-2: Ball
3-2: Strikes out looking
Batting: RHB Dave Perron 0-0: Ball
1-0: Ball
2-0: Called Strike
2-1: Ball
3-1: Foul Ball, location: 2F
3-2: Fly out, F7 (Flyball, 78S, EV 76.9 MPH)
Batting: SHB Willie Medina 0-0: Called Strike
0-1: Ball
1-1: Fly out, F8 (Flyball, 8RXD, EV 105.0 MPH)
Top of the 7th over - 0 runs, 0 hits, 0 errors, 0 left on base; University of South Carolina 0 - University of North Carolina at Chapel Hill 1
BOTTOM OF THE 7TH
University of North Carolina at Chapel Hill Tar Heels batting - Pitching for University of South Carolina Gamecocks : RHP Brad Carte
Pitching: LHP Kazuyoshi Miyazaki
Batting: RHB Chris Skaff 0-0: Fly out, F8 (Flyball, 8RXD, EV 94.4 MPH)
Batting: RHB Jonathan Livingston 0-0: Called Strike
0-1: Ball
1-1: Swinging Strike
1-2: Ball
2-2: Ball
3-2: Foul Ball, location: 2F
3-2: Fly out, F7 (Flyball, 78M, EV 80.6 MPH)
Batting: RHB Travis Robinson 0-0: Ball
1-0: Swinging Strike
1-1: Ball
2-1: Foul Ball, location: 2F
2-2: Foul Ball, location: 2F
2-2: Ball
3-2: Strikes out swinging
Bottom of the 7th over - 0 runs, 0 hits, 0 errors, 0 left on base; University of South Carolina 0 - University of North Carolina at Chapel Hill 1
TOP OF THE 8TH
University of South Carolina Gamecocks batting - Pitching for University of North Carolina at Chapel Hill Tar Heels : RHP Tom Howes
Pitching: RHP Michael Conrad
Pinch Hitting: RHB Kenny Thissen 0-0: Ball
1-0: Ground out 6-3 (Groundball, 6, EV 80.0 MPH)
Pinch Hitting: RHB Adam Bourg 0-0: Called Strike
0-1: SINGLE (Groundball, 56D, EV 104.4 MPH)
Pinch Runner at 1st Wataru Tani:
Pinch Hitting: RHB Juan Bonilla 0-0: Foul Ball, location: 2F
0-1: Grounds into double play, 5-4-3 (Groundball, 25, EV 82.5 MPH)
Top of the 8th over - 0 runs, 1 hit, 0 errors, 0 left on base; University of South Carolina 0 - University of North Carolina at Chapel Hill 1
BOTTOM OF THE 8TH
University of North Carolina at Chapel Hill Tar Heels batting - Pitching for University of South Carolina Gamecocks : LHP Kazuyoshi Miyazaki
Now at 1B: Juan Bonilla
Now at 2B: Kenny Thissen
Now in LF: Drew Coleman
Now in RF: Dave Perron
Batting: RHB Akira Kubo 0-0: Ball
1-0: Ground out 5-3 (Groundball, 56S, EV 90.6 MPH)
Batting: RHB Norm Wood 0-0: Ground out 4-3 (Groundball, 4, EV 110.0 MPH)
Pinch Hitting: RHB George Boivin 0-0: Foul Ball, location: 2F
0-1: Foul Ball, location: 2F
0-2: Ball
1-2: Strikes out looking
Bottom of the 8th over - 0 runs, 0 hits, 0 errors, 0 left on base; University of South Carolina 0 - University of North Carolina at Chapel Hill 1
TOP OF THE 9TH
University of South Carolina Gamecocks batting - Pitching for University of North Carolina at Chapel Hill Tar Heels : RHP Michael Conrad
Pitching: LHP Ken Dewey
Now in RF: Sam Daw
Pinch Hitting: RHB Chris Arroyo 0-0: Fly out, F8 (Flyball, 78D, EV 101.9 MPH)
Pinch Hitting: RHB Yoshitoshi Mori 0-0: Swinging Strike
0-1: Foul Ball, location: 2F
0-2: Strikes out looking
Batting: RHB Mike McElroy 0-0: Ground out 6-3 (Groundball, 6, EV 85.6 MPH)
Top of the 9th over - 0 runs, 0 hits, 0 errors, 0 left on base; University of South Carolina 0 - University of North Carolina at Chapel Hill 1
Thursday, March 31st , 2022 - OOTP Baseball 22.12 Build 89